 Dungeon Crawl Stone Soup version 0.21.0-3-g78d12a8 (webtiles) character file.

1031 MTVSty1e the Cleaver (level 8, -1/106 HPs)
             Began as a Green Draconian Monk on Jan 8, 2018.
             Slain by a water moccasin (5 damage)
             ... on level 5 of the Dungeon.
             The game lasted 00:08:04 (5178 turns).

MTVSty1e the Cleaver (Green Draconian Monk)         Turns: 5178, Time: 00:08:05

Health: -1/106     AC: 24    Str: 13 (15) XL:     8   Next: 3%
Magic:  8/8        EV:  2    Int: 10 (11) God:
Gold:   213        SH: 10    Dex: 12 (14) Spells: 7/7 levels left

rFire    . . .     SeeInvis .   n - +0 war axe
rCold    . . .     Gourm    .   v - +0 large shield
rNeg     + + +     Faith    .   (armour unavailable)
rPois    +         Spirit   .   (helmet currently unavailable)
rElec    .         Reflect  .   (cloak currently unavailable)
rCorr    .         Harm     .   (gloves currently unavailable)
MR       .....     NoTele   +   (boots currently unavailable)
Stlth    ++........             (no amulet)
HPRegen  0.27/turn              r - ring of wizardry
MPRegen  0.11/turn              (no ring)

@: tree-form, hasted, very quick
A: (breathe noxious fumes), unfitting armour, AC +6
a: no special abilities


You were on level 5 of the Dungeon.
You were hungry.
You were a tree.
You visited 1 branch of the dungeon, and saw 5 of its levels.

You collected 213 gold pieces.

Inventory:

Hand Weapons
 a - a +0 hand axe
 n - a +0 war axe (weapon)
Armour
 e - a cursed +0 pair of gloves (melded)
 v - a +0 large shield (worn)
 y - a +0 pair of boots (melded)
Jewellery
 p - the amulet of Geruph {Harm *Drain rPois rN+++ Int-5 Slay-4}
   (You found it on level 4 of the Dungeon)

   [amulet of harm]

   It increases damage dealt and taken.
   It affects your intelligence (-5).
   It affects your accuracy and damage with ranged weapons and melee attacks
   (-4).
   It protects you from poison.
   It renders you almost immune to negative energy.
   It causes draining when unequipped.
 r - a ring of wizardry (left branch)
 x - a cursed amulet of inaccuracy {unknown}
Scrolls
 c - 8 scrolls of identify
 d - 2 scrolls of teleportation {unknown}
 f - a scroll of enchant weapon {unknown}
 g - 2 scrolls of remove curse {unknown}
 h - a scroll of random uselessness {unknown}
 i - a scroll of blinking {unknown}
 o - 2 scrolls of enchant armour {unknown}
 q - a scroll of noise {unknown}
 u - a scroll of magic mapping {unknown}
 B - a scroll of fear {unknown}
Potions
 j - 3 potions of curing
 k - a potion of ambrosia
 l - a potion of brilliance {unknown}
 t - a potion of degeneration
 z - a potion of cancellation
Books
 s - a book of Minor Magic

   Spells                             Type                      Level
   a - Magic Dart                     Conjuration                  1
   b - Blink                          Translocation                2
   c - Call Imp                       Summoning                    2
   d - Slow                           Hexes                        2
   e - Conjure Flame                  Conjuration/Fire             3
   f - Mephitic Cloud                 Conjuration/Poison/Air       3
Comestibles
 b - 4 rations


   Skills:
 + Level 6.7 Fighting
 * Level 8.2 Axes
 - Level 2.6 Dodging
 - Level 1.7 Stealth


You had 7 spell levels left.
You didn't know any spells.

Dungeon Overview and Level Annotations

Branches:
Dungeon (5/15)
 Temple: D:4-7

Altars:


Innate Abilities, Weirdness & Mutations

((You can breathe blasts of noxious fumes.))
((Your lurid green scales are hard. (AC +6)))
You cannot fit into any form of body armour.
((Your system is resistant to poisons. (rPois)))
((You are cold-blooded and may be slowed by cold attacks.))


Message History

You block the orc's attack.
You hit the water moccasin.
The water moccasin is heavily wounded.
Your shield prevents you from hitting the orc.
You hit the orc but do no damage.
You hit the orc priest but do no damage.
You hit the orc. You block the water moccasin's attack.
You block the orc's attack. x2; You block the orc priest's attack.
The orc hits you but does no damage.
You closely miss the orc priest. You hit the orc.
You kill the orc!
Your shield prevents you from hitting the water moccasin.
You hit the orc but do no damage. x2; You block the water moccasin's attack.
You block the orc's attack. The water moccasin barely misses you.
It was a potion of lignification.
You turn into a tree.
Your cursed +0 pair of gloves melds into your body.
Your +0 pair of boots melds into your body.
Your roots penetrate the ground.
You block the orc's attack. You block the orc priest's attack.
The water moccasin bites you.
You die...

#..........
#.........#
#.........#
#........# ##
##........# .###
#.........##
...#####..........#
##...#.........o♣o#
###........###oSs.#
#. ####....##
##......# #. ##..##
#.......# #.# #..#
#...<.... #.. #..#
#...####. #.. ##.#
....# #. #.# ....#
#. ..# ##


You could see a water moccasin, a scorpion, an orc priest and 2 orcs.

Vanquished Creatures
  Sigmund (D:3)
  A phantom (D:4)
  A sky beast (D:5)
  The ghost of othur the Cudgeler, an amateur MiBe of Trog (D:3)
  An ogre (D:5)
  A crimson imp (D:5)
  2 orc priests (D:5)
  2 hounds (D:5)
  A jelly (D:5)
  An orc wizard (D:5)
  Terence (D:4)
  2 worker ants
  4 gnolls (D:3)
  7 adders
  2 oozes (D:3)
  2 worms (D:3)
  3 dart slugs
  4 leopard geckos
  15 orcs
  10 bats
  3 giant cockroaches
  9 goblins
  8 hobgoblins
  5 jackals
  A quokka (D:3)
  3 ball pythons
  4 frilled lizards
  9 kobolds
  11 rats
115 creatures vanquished.

Notes
Turn   | Place    | Note
-------+----------+-------------------------------------------
     0 | D:1      | MTVSty1e the Draconian Monk began the quest for the Orb.
     0 | D:1      | Reached XP level 1. HP: 19/19 MP: 1/1
    77 | D:1      | Reached XP level 2. HP: 17/26 MP: 2/2
   903 | D:1      | Reached XP level 3. HP: 33/33 MP: 3/3
  1095 | D:2      | Reached skill level 4 in Axes
  1163 | D:2      | Noticed Terence
  1876 | D:3      | Reached XP level 4. HP: 38/40 MP: 4/4
  2036 | D:3      | Noticed othur's ghost (amateur MiBe)
  2061 | D:3      | Killed othur's ghost
  2061 | D:3      | Reached skill level 5 in Axes
  2061 | D:3      | Reached XP level 5. HP: 26/47 MP: 5/5
  2397 | D:3      | Noticed Sigmund
  2423 | D:3      | Killed Sigmund
  2423 | D:3      | Reached skill level 5 in Fighting
  2423 | D:3      | Reached skill level 6 in Axes
  2423 | D:3      | Reached XP level 6. HP: 5/56 MP: 6/6
  3311 | D:4      | Got a slimy zirconium amulet
  3340 | D:4      | Identified the amulet of Geruph {Harm *Drain rPois rN+++ Int-5 Slay-4} (You found it on level 4 of the Dungeon)
  3376 | D:4      | Your scales start taking on a lurid green colour.
  3376 | D:4      | Reached XP level 7. HP: 41/62 MP: 7/7
  3376 | D:4      | Gained mutation: Your system is resistant to poisons. (rPois) [Green Draconian growth]
  3771 | D:4      | Killed Terence
  3771 | D:4      | Reached skill level 7 in Axes
  4070 | D:5      | Entered Level 5 of the Dungeon
  4910 | D:5      | Reached skill level 8 in Axes
  5119 | D:5      | Reached XP level 8. HP: 63/71 MP: 8/8
  5175 | D:5      | HP: 3/71 [orc priest/short sword (6)]
  5178 | D:5      | Slain by a water moccasin

Skill      XL: |  1  2  3  4  5  6  7 |
---------------+----------------------+-----
Axes           | 4 5 6 8 |  8.2
Fighting       | 4 5 6 |  6.7
Dodging        | |  2.6
Stealth        | |  1.7

Action                   |  1- 3 |  4- 6 |  7- 9 || total
-------------------------+-------+-------+-------++-------
Melee: Hand axe          |   146 |   128 |       ||   274
       Tailslap          |     8 |    21 |    11 ||    40
       War axe           |       |    38 |    92 ||   130
 Abil: Breathe Noxious F |       |       |     2 ||     2
  Use: Potion            |       |     7 |     4 ||    11
       Scroll            |       |     1 |       ||     1
 Stab: Sleeping          |     2 |     2 |     4 ||     8
       Confused          |       |       |     1 ||     1
  Eat: Ration            |     1 |     2 |     1 ||     4
Armor: Skin              |    49 |    46 |    43 ||   138
Dodge: Dodged            |   131 |    99 |    37 ||   267
Block: Large shield      |       |       |    55 ||    55
